General information
- name: BNet
- type: Ladder team game (AT/RT)
- host: Battle.net
- saver: scenicworld
map: Deadlock
- players: 8
- length: 43:52
- speed: Fast
- version: 1.24 W3XP
- replay type: Public
» download(319 KB)
Players
team 1 (loser)
ichigo505 (
orange | 22 APM | 954 actions | 42:53)
4 Demon Hunter
2 Mana Burn
2 Evasion
» actions
| Build / train | 64 | |
| Enter build submenu | 23 | |
| Enter hero's abilities submenu | 4 | |
| Right click | 410 | |
| Select / deselect | 423 | |
| Use ability | 30 | |
954 total
» units
| Wisp | 23 | |
| Huntress | 3 | |
| Centaur Outrunner | 1 | |
| Druid of the Talon | 4 | |
| Chimaera | 7 | |
| Glaive Thrower | 4 | |
42 total
» upgrades
| Strength of the Moon | 3 | |
| Druid of the Claw Training | 2 | |
| Corrosive Breath | 1 | |
| Strength of the Wild | 3 | |
| Reinforced Hides | 3 | |
| Moon Armor | 1 | |
| Druid of the Talon Training | 2 | |
15 total
» buildings
| Altar of Elders | 1 | |
| Moon Well | 8 | |
| Hunter's Hall | 2 | |
| Ancient of War | 2 | |
| Ancient Protector | 1 | |
| Tree of Ages | 1 | |
| Ancient of Lore | 2 | |
| Tree of Eternity | 1 | |
| Ancient of Wind | 1 | |
| Tree of Life | 1 | |
| Chimaera Roost | 2 | |
22 total
» build order
00:24 Altar of Elders
00:38 Moon Well
00:53 Moon Well
02:32 Hunter's Hall
02:43 Ancient of War
02:50 Ancient of War
03:03 Moon Well
04:15 Ancient Protector
04:46 Tree of Ages
06:46 Moon Well
07:51 Ancient of Lore
07:53 Tree of Eternity
09:50 Ancient of Wind
12:12 Tree of Life
13:01 Chimaera Roost
13:05 Chimaera Roost
15:26 Moon Well
15:37 Moon Well
19:23 Hunter's Hall
20:28 Moon Well
20:36 Moon Well
37:57 Ancient of Lore
Juchte (
red | 65 APM | 2823 actions | 43:44)
6 Death Knight
3 Death Coil
3 Unholy Aura
» actions
| Assign group hotkey | 33 | |
| Basic commands | 65 | |
| Build / train | 93 | |
| Enter build submenu | 26 | |
| Enter hero's abilities submenu | 6 | |
| Remove unit from queue | 1 | |
| Right click | 1614 | |
| Select / deselect | 544 | |
| Select group hotkey | 380 | |
| Use ability | 61 | |
2823 total
» units
| Acolyte | 14 | |
| Ghoul | 4 | |
| Crypt Fiend | 6 | |
| Necromancer | 8 | |
| Meatwagon | 21 | |
| Gargoyle | 12 | |
65 total
» upgrades
| Unholy Strength | 3 | |
| Web | 1 | |
| Necromancer Training | 2 | |
| Skeletal Longevity | 1 | |
| Unholy Armor | 1 | |
| Skeletal Mastery | 1 | |
| Exhume Corpses | 1 | |
| Creature Attack | 1 | |
| Stone Form | 1 | |
| Creature Carapace | 1 | |
13 total
» buildings
| Graveyard | 1 | |
| Crypt | 3 | |
| Ziggurat | 9 | |
| Altar of Darkness | 1 | |
| Nerubian Tower | 2 | |
| Tomb of Relics | 2 | |
| Halls of the Dead | 1 | |
| Spirit Tower | 3 | |
| Temple of the Damned | 2 | |
| Black Citadel | 1 | |
| Slaughterhouse | 2 | |
| Sacrificial Pit | 1 | |
28 total
» build order
00:16 Graveyard
00:18 Crypt
00:40 Ziggurat
01:03 Altar of Darkness
01:38 Ziggurat
01:43 Nerubian Tower
02:39 Nerubian Tower
02:51 Tomb of Relics
03:29 Tomb of Relics
04:25 Ziggurat
05:08 Halls of the Dead
05:47 Ziggurat
06:47 Spirit Tower
07:42 Temple of the Damned
07:44 Temple of the Damned
09:20 Black Citadel
12:47 Slaughterhouse
12:49 Slaughterhouse
13:08 Ziggurat
13:09 Ziggurat
13:12 Ziggurat
13:15 Spirit Tower
14:06 Spirit Tower
29:41 Ziggurat
29:43 Ziggurat
38:52 Sacrificial Pit
40:49 Crypt
40:51 Crypt
Naxemus (
green | 38 APM | 1676 actions | 43:50)
6 Keeper of the Grove
1 Force of Nature
3 Entangling Roots
1 Thorns Aura
1 Tranquility
» actions
| Basic commands | 24 | |
| Build / train | 144 | |
| Enter build submenu | 24 | |
| Enter hero's abilities submenu | 7 | |
| Remove unit from queue | 7 | |
| Right click | 756 | |
| Select / deselect | 633 | |
| Use ability | 81 | |
1676 total
» units
| Wisp | 31 | |
| Archer | 34 | |
| Druid of the Claw | 18 | |
| Hippogryph | 10 | |
| Glaive Thrower | 4 | |
| Chimaera | 1 | |
| Druid of the Talon | 2 | |
100 total
» upgrades
| Strength of the Moon | 3 | |
| Moon Armor | 4 | |
| Improved Bows | 1 | |
| Druid of the Claw Training | 2 | |
| Marksmanship | 1 | |
| Mark of the Claw | 1 | |
| Vorpal Blades | 1 | |
| Well Spring | 1 | |
| Hippogryph Taming | 1 | |
| Ultravision | 1 | |
| Corrosive Breath | 1 | |
| Strength of the Wild | 3 | |
| Reinforced Hides | 3 | |
| Abolish Magic | 1 | |
| Druid of the Talon Training | 1 | |
25 total
» buildings
| Moon Well | 7 | |
| Altar of Elders | 1 | |
| Ancient of War | 1 | |
| Tree of Ages | 2 | |
| Hunter's Hall | 1 | |
| Tree of Eternity | 1 | |
| Ancient of Lore | 1 | |
| Tree of Life | 2 | |
| Ancient Protector | 7 | |
| Ancient of Wind | 1 | |
| Chimaera Roost | 2 | |
26 total
» build order
00:10 Moon Well
00:14 Altar of Elders
01:05 Ancient of War
01:31 Moon Well
02:27 Tree of Ages
02:27 Tree of Ages
03:18 Hunter's Hall
03:24 Moon Well
04:20 Moon Well
05:21 Tree of Eternity
05:52 Ancient of Lore
08:00 Tree of Life
08:57 Moon Well
09:17 Ancient Protector
09:25 Ancient Protector
13:26 Ancient of Wind
15:23 Ancient Protector
16:46 Ancient Protector
18:08 Tree of Life
18:25 Ancient Protector
18:29 Ancient Protector
18:55 Moon Well
18:57 Moon Well
21:13 Chimaera Roost
21:18 Chimaera Roost
33:57 Ancient Protector
Six-PacK (
yellow | 35 APM | 1541 actions | 43:51)
3 Demon Hunter
2 Mana Burn
1 Evasion
4 Keeper of the Grove
2 Entangling Roots
2 Thorns Aura
» actions
| Build / train | 68 | |
| Enter build submenu | 18 | |
| Enter hero's abilities submenu | 7 | |
| Remove unit from queue | 3 | |
| Right click | 1083 | |
| Select / deselect | 333 | |
| Use ability | 29 | |
1541 total
» units
» upgrades
| Abolish Magic | 1 | |
| Strength of the Wild | 3 | |
| Reinforced Hides | 3 | |
| Corrosive Breath | 1 | |
| Ultravision | 1 | |
| Well Spring | 1 | |
10 total
» buildings
| Altar of Elders | 1 | |
| Moon Well | 9 | |
| Tree of Ages | 1 | |
| Hunter's Hall | 1 | |
| Ancient of Lore | 2 | |
| Ancient of Wind | 1 | |
| Tree of Eternity | 1 | |
| Chimaera Roost | 2 | |
| Tree of Life | 1 | |
19 total
» build order
00:12 Altar of Elders
00:14 Moon Well
00:21 Moon Well
04:15 Tree of Ages
04:19 Hunter's Hall
04:23 Moon Well
04:26 Moon Well
05:47 Moon Well
05:50 Moon Well
06:40 Ancient of Lore
06:46 Ancient of Lore
06:52 Moon Well
06:55 Moon Well
08:54 Moon Well
16:36 Ancient of Wind
18:23 Tree of Eternity
21:26 Chimaera Roost
21:30 Chimaera Roost
23:19 Tree of Life
team 2 (winner)
AlasPoorYorick (
teal | 77 APM | 3372 actions | 43:51)
5 Goblin Tinker
3 Pocket Factory
2 Engineering Upgrade
4 Naga Sea Witch
2 Frost Arrows
2 Mana Shield
» actions
| Assign group hotkey | 2 | |
| Basic commands | 225 | |
| Build / train | 69 | |
| ESC pressed | 4 | |
| Enter build submenu | 13 | |
| Enter hero's abilities submenu | 9 | |
| Right click | 2038 | |
| Select / deselect | 499 | |
| Select group hotkey | 419 | |
| Use ability | 94 | |
3372 total
» units
» upgrades
| Nature's Blessing | 1 | |
| Ultravision | 1 | |
| Well Spring | 1 | |
3 total
» buildings
| Altar of Elders | 2 | |
| Moon Well | 11 | |
| Tree of Ages | 1 | |
| Tree of Life | 1 | |
| Hunter's Hall | 1 | |
| Tree of Eternity | 1 | |
| Ancient of Wonders | 1 | |
18 total
» build order
00:05 Altar of Elders
00:31 Moon Well
01:10 Moon Well
07:03 Tree of Ages
07:26 Tree of Life
09:14 Hunter's Hall
12:56 Tree of Eternity
14:32 Moon Well
16:27 Moon Well
16:28 Moon Well
16:31 Moon Well
18:57 Moon Well
19:04 Ancient of Wonders
21:56 Moon Well
21:58 Moon Well
26:15 Altar of Elders
26:18 Moon Well
» items
| Boots of Speed | 2 | |
| Staff of Teleportation | 2 | |
| Circlet of Nobility | 3 | |
| Orb of Venom | 1 | |
| Scroll of Town Portal | 1 | |
| Staff of Sanctuary | 1 | |
10 total

»
cum.2ez (
blue | 82 APM | 736 actions | 09:01)
2 Goblin Alchemist
1 Chemical Rage
1 Acid Bomb
» actions
| Assign group hotkey | 18 | |
| Basic commands | 7 | |
| Build / train | 50 | |
| ESC pressed | 1 | |
| Enter build submenu | 26 | |
| Enter hero's abilities submenu | 2 | |
| Give item / drop item | 2 | |
| Right click | 299 | |
| Select / deselect | 95 | |
| Select group hotkey | 191 | |
| Use ability | 45 | |
736 total
» units
| Peon | 14 | |
| Centaur Outrunner | 3 | |
| Troll Batrider | 3 | |
20 total
» buildings
| Altar of Storms | 1 | |
| Orc Burrow | 5 | |
| War Mill | 1 | |
| Voodoo Lounge | 1 | |
| Watch Tower | 15 | |
| Stronghold | 14 | |
| Fortress | 3 | |
| Beastiary | 2 | |
42 total
» build order
00:12 Altar of Storms
00:24 Orc Burrow
00:25 Orc Burrow
00:54 War Mill
01:15 Voodoo Lounge
01:39 Orc Burrow
02:26 Watch Tower
02:43 Watch Tower
03:20 Watch Tower
03:37 Watch Tower
03:38 Stronghold
03:38 Stronghold
03:38 Stronghold
04:16 Stronghold
04:18 Stronghold
04:18 Stronghold
04:47 Watch Tower
04:48 Watch Tower
04:50 Watch Tower
06:03 Watch Tower
06:10 Watch Tower
06:24 Watch Tower
06:45 Fortress
06:49 Beastiary
06:50 Beastiary
07:02 Orc Burrow
07:34 Watch Tower
07:46 Orc Burrow
08:07 Watch Tower
08:30 Watch Tower
08:32 Watch Tower
» items
| Boots of Speed | 1 | |
| Staff of Teleportation | 2 | |
| Lesser Clarity Potion | 1 | |
| Healing Salve | 1 | |
5 total
scenicworld (
pink | 94 APM | 4129 actions | 43:52)
7 Pandaren Brewmaster
3 Breath of Fire
3 Drunken Brawler
1 Storm Earth and Fire
» actions
| Assign group hotkey | 382 | |
| Basic commands | 14 | |
| Build / train | 332 | |
| Enter build submenu | 194 | |
| Enter hero's abilities submenu | 7 | |
| Give item / drop item | 3 | |
| Remove unit from queue | 7 | |
| Right click | 1655 | |
| Select / deselect | 994 | |
| Select group hotkey | 66 | |
| Use ability | 475 | |
4129 total
» units
| Peasant | 30 | |
| Dragonhawk Rider | 2 | |
32 total
» upgrades
| Masonry | 3 | |
| Reinforced Defenses | 1 | |
| Spiked Barricades | 1 | |
| Lumber Harvesting | 2 | |
| Liquid Fire | 1 | |
| Animal War Training | 1 | |
| Swords | 3 | |
| Armor | 3 | |
| Cloud | 1 | |
16 total
» buildings
| Lumber Mill | 1 | |
| Farm | 7 | |
| Scout Tower | 274 | |
| Altar of Kings | 1 | |
| Guard Tower | 254 | |
| Town Hall | 2 | |
| Keep | 1 | |
| Watch Tower | 7 | |
| Castle | 1 | |
| Arcane Vault | 1 | |
| Gryphon Aviary | 3 | |
| Barracks | 1 | |
| Blacksmith | 2 | |
555 total
» build order
00:12 Lumber Mill
00:28 Farm
01:07 Scout Tower
01:10 Altar of Kings
01:36 Farm
01:37 Guard Tower
01:45 Scout Tower
01:46 Scout Tower
02:21 Scout Tower
02:23 Scout Tower
02:27 Guard Tower
02:27 Guard Tower
02:44 Farm
02:47 Guard Tower
02:47 Guard Tower
02:59 Guard Tower
02:59 Guard Tower
03:00 Scout Tower
03:02 Guard Tower
03:03 Guard Tower
03:06 Scout Tower
03:07 Scout Tower
03:18 Scout Tower
03:23 Scout Tower
03:41 Guard Tower
03:41 Guard Tower
03:42 Scout Tower
03:50 Guard Tower
03:51 Guard Tower
04:01 Guard Tower
04:02 Guard Tower
04:17 Guard Tower
04:29 Town Hall
04:32 Scout Tower
04:33 Scout Tower
04:34 Scout Tower
04:38 Scout Tower
04:48 Scout Tower
04:57 Scout Tower
04:58 Scout Tower
05:03 Guard Tower
05:03 Guard Tower
05:14 Guard Tower
05:14 Guard Tower
05:16 Scout Tower
05:22 Scout Tower
05:30 Scout Tower
05:30 Scout Tower
05:44 Guard Tower
05:44 Guard Tower
05:44 Guard Tower
05:52 Guard Tower
05:52 Guard Tower
06:08 Scout Tower
06:08 Scout Tower
06:09 Scout Tower
06:10 Guard Tower
06:10 Guard Tower
06:11 Guard Tower
06:13 Scout Tower
06:30 Scout Tower
06:34 Town Hall
06:37 Scout Tower
06:39 Scout Tower
06:42 Scout Tower
06:52 Scout Tower
07:03 Guard Tower
07:03 Guard Tower
07:27 Guard Tower
07:27 Guard Tower
07:31 Scout Tower
07:32 Scout Tower
07:33 Scout Tower
07:34 Guard Tower
07:34 Guard Tower
07:37 Guard Tower
07:39 Scout Tower
07:39 Scout Tower
07:40 Scout Tower
07:40 Scout Tower
07:58 Keep
08:07 Guard Tower
08:08 Guard Tower
08:09 Scout Tower
08:10 Scout Tower
08:11 Scout Tower
08:12 Scout Tower
08:13 Guard Tower
08:13 Guard Tower
08:34 Guard Tower
08:35 Guard Tower
08:39 Guard Tower
08:39 Guard Tower
08:45 Guard Tower
08:45 Guard Tower
08:56 Guard Tower
08:56 Guard Tower
09:00 Scout Tower
09:02 Scout Tower
09:14 Watch Tower
09:18 Watch Tower
09:20 Watch Tower
09:21 Watch Tower
09:22 Watch Tower
09:22 Watch Tower
09:34 Guard Tower
09:34 Guard Tower
09:55 Guard Tower
09:58 Scout Tower
09:58 Scout Tower
10:00 Scout Tower
10:01 Scout Tower
10:02 Scout Tower
10:06 Scout Tower
10:07 Scout Tower
10:08 Scout Tower
10:08 Scout Tower
10:09 Scout Tower
10:15 Scout Tower
10:16 Scout Tower
10:16 Scout Tower
10:17 Scout Tower
10:22 Castle
10:30 Watch Tower
10:34 Guard Tower
10:35 Guard Tower
10:41 Scout Tower
10:41 Scout Tower
10:42 Scout Tower
10:45 Guard Tower
10:47 Scout Tower
10:49 Scout Tower
10:50 Scout Tower
10:50 Scout Tower
11:02 Guard Tower
11:03 Guard Tower
11:04 Scout Tower
11:05 Scout Tower
11:06 Scout Tower
11:11 Scout Tower
11:12 Scout Tower
11:30 Guard Tower
11:30 Guard Tower
11:39 Guard Tower
11:45 Guard Tower
11:45 Guard Tower
11:48 Scout Tower
11:49 Scout Tower
11:49 Scout Tower
11:50 Scout Tower
11:51 Scout Tower
11:52 Scout Tower
11:53 Scout Tower
11:58 Guard Tower
11:58 Guard Tower
11:59 Guard Tower
12:14 Guard Tower
12:16 Scout Tower
12:39 Scout Tower
12:40 Scout Tower
12:40 Scout Tower
12:44 Guard Tower
12:45 Scout Tower
12:46 Scout Tower
12:58 Guard Tower
12:58 Guard Tower
13:01 Scout Tower
13:01 Scout Tower
13:02 Scout Tower
13:03 Scout Tower
13:03 Scout Tower
13:06 Scout Tower
13:07 Scout Tower
13:07 Scout Tower
13:08 Guard Tower
13:10 Scout Tower
13:10 Scout Tower
13:11 Scout Tower
13:12 Scout Tower
13:12 Scout Tower
13:12 Scout Tower
13:15 Guard Tower
13:16 Guard Tower
13:25 Guard Tower
13:25 Guard Tower
13:32 Scout Tower
13:32 Scout Tower
13:33 Scout Tower
13:33 Scout Tower
13:34 Scout Tower
13:34 Scout Tower
13:37 Scout Tower
13:37 Scout Tower
13:38 Scout Tower
13:39 Scout Tower
13:40 Scout Tower
13:50 Guard Tower
13:51 Guard Tower
13:53 Scout Tower
13:55 Scout Tower
13:58 Guard Tower
13:59 Guard Tower
14:01 Scout Tower
14:01 Scout Tower
14:04 Guard Tower
14:04 Guard Tower
14:12 Guard Tower
14:12 Guard Tower
15:05 Guard Tower
15:05 Guard Tower
15:40 Arcane Vault
16:01 Guard Tower
16:06 Scout Tower
16:06 Scout Tower
16:07 Scout Tower
16:07 Scout Tower
16:15 Guard Tower
16:47 Scout Tower
16:48 Scout Tower
16:49 Scout Tower
16:49 Scout Tower
16:50 Scout Tower
16:51 Scout Tower
16:52 Guard Tower
16:59 Scout Tower
17:00 Scout Tower
17:02 Scout Tower
17:03 Scout Tower
17:04 Scout Tower
17:05 Scout Tower
17:06 Scout Tower
17:07 Scout Tower
17:08 Scout Tower
17:12 Scout Tower
17:14 Scout Tower
17:15 Scout Tower
17:16 Scout Tower
17:17 Scout Tower
17:18 Scout Tower
17:27 Scout Tower
17:28 Scout Tower
17:28 Scout Tower
17:29 Scout Tower
17:29 Scout Tower
17:30 Scout Tower
18:04 Guard Tower
18:04 Guard Tower
18:06 Scout Tower
18:07 Scout Tower
18:09 Scout Tower
18:10 Scout Tower
18:16 Scout Tower
18:17 Scout Tower
18:18 Scout Tower
18:19 Scout Tower
18:37 Guard Tower
18:37 Guard Tower
18:38 Guard Tower
18:38 Guard Tower
18:38 Guard Tower
18:45 Guard Tower
18:47 Guard Tower
18:48 Guard Tower
18:48 Guard Tower
18:50 Guard Tower
18:53 Scout Tower
18:53 Scout Tower
18:54 Scout Tower
18:54 Scout Tower
18:56 Scout Tower
18:56 Scout Tower
18:58 Scout Tower
18:58 Scout Tower
19:00 Scout Tower
19:03 Guard Tower
19:03 Guard Tower
19:05 Guard Tower
19:06 Guard Tower
19:14 Scout Tower
19:15 Scout Tower
19:16 Scout Tower
19:18 Scout Tower
19:18 Scout Tower
19:19 Scout Tower
19:22 Scout Tower
19:29 Scout Tower
19:34 Guard Tower
19:34 Guard Tower
19:34 Guard Tower
20:46 Guard Tower
20:46 Guard Tower
20:51 Scout Tower
20:52 Scout Tower
20:53 Scout Tower
20:54 Scout Tower
21:04 Scout Tower
21:05 Scout Tower
21:06 Scout Tower
21:06 Scout Tower
21:09 Scout Tower
21:10 Scout Tower
21:15 Guard Tower
21:15 Guard Tower
21:17 Scout Tower
21:18 Scout Tower
21:19 Scout Tower
21:20 Scout Tower
21:21 Scout Tower
21:23 Guard Tower
21:31 Guard Tower
21:31 Guard Tower
21:33 Guard Tower
21:33 Guard Tower
21:50 Guard Tower
21:53 Guard Tower
21:53 Guard Tower
21:56 Guard Tower
21:56 Guard Tower
22:03 Scout Tower
22:03 Scout Tower
22:05 Scout Tower
22:06 Scout Tower
22:07 Scout Tower
22:36 Guard Tower
22:37 Guard Tower
22:58 Guard Tower
23:15 Scout Tower
23:16 Scout Tower
23:17 Scout Tower
23:18 Scout Tower
23:19 Scout Tower
23:21 Scout Tower
23:22 Scout Tower
23:22 Scout Tower
23:23 Scout Tower
23:24 Scout Tower
23:27 Scout Tower
23:39 Guard Tower
24:00 Guard Tower
24:01 Guard Tower
24:23 Scout Tower
24:24 Scout Tower
24:25 Scout Tower
24:26 Scout Tower
24:32 Scout Tower
24:33 Scout Tower
24:45 Guard Tower
24:45 Guard Tower
24:55 Guard Tower
24:55 Guard Tower
24:58 Scout Tower
24:59 Scout Tower
25:12 Scout Tower
25:14 Scout Tower
25:15 Scout Tower
25:16 Scout Tower
25:17 Scout Tower
25:18 Scout Tower
25:20 Guard Tower
25:20 Guard Tower
25:21 Guard Tower
25:21 Guard Tower
25:21 Guard Tower
25:22 Guard Tower
25:27 Scout Tower
25:29 Scout Tower
25:29 Scout Tower
25:32 Scout Tower
26:12 Guard Tower
26:17 Scout Tower
26:18 Scout Tower
26:19 Scout Tower
26:20 Scout Tower
26:21 Scout Tower
26:24 Scout Tower
26:25 Scout Tower
26:27 Guard Tower
26:27 Guard Tower
26:29 Guard Tower
26:29 Guard Tower
26:36 Scout Tower
26:37 Scout Tower
26:39 Scout Tower
26:40 Guard Tower
26:42 Scout Tower
26:43 Scout Tower
26:45 Scout Tower
26:59 Guard Tower
26:59 Guard Tower
26:59 Guard Tower
27:01 Guard Tower
27:06 Guard Tower
27:08 Guard Tower
27:16 Guard Tower
27:29 Guard Tower
27:29 Guard Tower
27:34 Guard Tower
27:34 Guard Tower
27:38 Scout Tower
27:39 Scout Tower
27:42 Scout Tower
27:47 Guard Tower
27:51 Scout Tower
27:52 Scout Tower
27:53 Scout Tower
27:54 Scout Tower
27:56 Scout Tower
28:02 Guard Tower
28:03 Guard Tower
28:11 Guard Tower
28:11 Guard Tower
28:21 Scout Tower
28:22 Scout Tower
28:23 Scout Tower
28:23 Scout Tower
28:26 Scout Tower
28:26 Scout Tower
28:28 Scout Tower
28:29 Scout Tower
28:30 Scout Tower
28:43 Guard Tower
28:44 Guard Tower
28:44 Guard Tower
28:47 Guard Tower
28:47 Guard Tower
28:49 Guard Tower
28:54 Gryphon Aviary
28:55 Gryphon Aviary
29:05 Gryphon Aviary
29:07 Guard Tower
29:08 Guard Tower
29:12 Scout Tower
29:13 Scout Tower
29:13 Scout Tower
29:14 Scout Tower
29:17 Guard Tower
29:21 Scout Tower
29:23 Scout Tower
29:23 Scout Tower
29:27 Barracks
29:43 Guard Tower
29:43 Guard Tower
29:43 Guard Tower
29:53 Guard Tower
29:53 Guard Tower
30:21 Guard Tower
30:21 Guard Tower
30:22 Guard Tower
30:27 Scout Tower
30:28 Scout Tower
30:29 Scout Tower
30:31 Guard Tower
30:33 Scout Tower
30:34 Scout Tower
30:37 Scout Tower
30:38 Scout Tower
30:40 Scout Tower
30:41 Scout Tower
30:46 Blacksmith
30:47 Blacksmith
31:01 Farm
31:02 Farm
31:03 Farm
31:05 Guard Tower
31:05 Guard Tower
31:13 Guard Tower
31:26 Guard Tower
31:27 Guard Tower
31:49 Guard Tower
32:26 Guard Tower
32:31 Scout Tower
32:32 Scout Tower
32:33 Scout Tower
32:34 Scout Tower
32:36 Scout Tower
32:36 Scout Tower
32:37 Scout Tower
32:52 Scout Tower
32:53 Scout Tower
32:54 Scout Tower
32:56 Scout Tower
33:14 Farm
33:31 Guard Tower
33:32 Guard Tower
33:43 Guard Tower
33:44 Guard Tower
34:24 Guard Tower
34:26 Guard Tower
» items
| Staff of Teleportation | 1 | |
| Orb of Lightning | 1 | |
| Potion of Mana | 1 | |
| Lesser Clarity Potion | 1 | |
| Scroll of Regeneration | 1 | |
5 total
TIMG4STRok (
purple | 100 APM | 4382 actions | 43:51)
6 Paladin
3 Holy Light
3 Divine Shield
5 Mountain King
3 Storm Bolt
2 Bash
1 Goblin Alchemist
1 Acid Bomb
» actions
| Assign group hotkey | 11 | |
| Basic commands | 50 | |
| Build / train | 145 | |
| ESC pressed | 5 | |
| Enter build submenu | 86 | |
| Enter hero's abilities submenu | 12 | |
| Give item / drop item | 7 | |
| Right click | 2049 | |
| Select / deselect | 463 | |
| Select group hotkey | 1190 | |
| Use ability | 364 | |
4382 total
» units
| Peasant | 29 | |
| Troll Batrider | 25 | |
| Dragonhawk Rider | 4 | |
58 total
» upgrades
| Masonry | 3 | |
| Magic Sentry | 1 | |
| Lumber Harvesting | 1 | |
| Ranged Weapons | 3 | |
| Armor | 5 | |
| Animal War Training | 1 | |
| Swords | 3 | |
| Cloud | 1 | |
18 total
» buildings
| Altar of Kings | 2 | |
| Lumber Mill | 1 | |
| Farm | 10 | |
| Scout Tower | 86 | |
| Arcane Tower | 3 | |
| Guard Tower | 39 | |
| Town Hall | 3 | |
| Arcane Vault | 1 | |
| Keep | 1 | |
| Castle | 1 | |
| Arcane Sanctum | 1 | |
| Gryphon Aviary | 2 | |
| Watch Tower | 12 | |
| Barracks | 1 | |
| Blacksmith | 2 | |
| Altar of Storms | 1 | |
| Orc Burrow | 2 | |
| Beastiary | 1 | |
| Great Hall | 1 | |
170 total
» build order
00:06 Altar of Kings
00:12 Lumber Mill
00:16 Farm
00:46 Farm
00:53 Scout Tower
01:24 Arcane Tower
01:34 Scout Tower
01:54 Scout Tower
02:01 Guard Tower
02:05 Scout Tower
02:21 Guard Tower
02:21 Guard Tower
02:33 Guard Tower
02:36 Scout Tower
02:39 Scout Tower
03:09 Guard Tower
03:10 Scout Tower
03:11 Scout Tower
03:13 Guard Tower
03:13 Guard Tower
04:11 Town Hall
04:21 Scout Tower
04:21 Scout Tower
04:22 Scout Tower
04:31 Guard Tower
04:37 Arcane Vault
04:52 Guard Tower
05:16 Guard Tower
05:32 Guard Tower
05:35 Scout Tower
05:37 Scout Tower
05:39 Scout Tower
05:42 Scout Tower
06:03 Guard Tower
06:04 Guard Tower
06:13 Guard Tower
06:37 Scout Tower
06:37 Scout Tower
06:41 Keep
07:06 Arcane Tower
07:29 Guard Tower
07:30 Guard Tower
07:32 Scout Tower
07:33 Scout Tower
07:33 Scout Tower
08:28 Town Hall
08:32 Scout Tower
08:33 Scout Tower
08:34 Scout Tower
08:34 Scout Tower
08:35 Scout Tower
08:37 Scout Tower
08:38 Scout Tower
08:40 Scout Tower
08:41 Scout Tower
08:42 Scout Tower
08:43 Scout Tower
08:44 Scout Tower
08:45 Scout Tower
09:06 Guard Tower
09:07 Farm
09:09 Farm
09:33 Castle
09:44 Arcane Sanctum
10:00 Scout Tower
10:01 Scout Tower
10:01 Scout Tower
10:04 Scout Tower
10:09 Guard Tower
10:16 Arcane Tower
10:32 Scout Tower
10:35 Guard Tower
10:40 Guard Tower
10:58 Guard Tower
11:04 Farm
11:04 Farm
11:12 Scout Tower
11:13 Scout Tower
11:16 Scout Tower
11:28 Guard Tower
11:48 Guard Tower
11:49 Guard Tower
11:55 Guard Tower
12:20 Scout Tower
12:21 Scout Tower
12:22 Scout Tower
12:23 Scout Tower
12:23 Scout Tower
12:24 Scout Tower
12:34 Gryphon Aviary
13:04 Watch Tower
13:05 Watch Tower
13:05 Watch Tower
13:06 Watch Tower
13:07 Watch Tower
13:07 Watch Tower
13:08 Watch Tower
13:08 Watch Tower
13:20 Scout Tower
13:20 Scout Tower
13:21 Scout Tower
13:21 Scout Tower
13:22 Scout Tower
13:22 Scout Tower
13:23 Scout Tower
13:23 Scout Tower
13:24 Scout Tower
13:24 Scout Tower
13:25 Scout Tower
13:25 Scout Tower
13:26 Scout Tower
13:27 Scout Tower
13:49 Barracks
13:52 Guard Tower
13:56 Scout Tower
13:56 Scout Tower
13:57 Scout Tower
13:58 Scout Tower
13:59 Scout Tower
13:59 Scout Tower
14:00 Scout Tower
14:00 Scout Tower
14:01 Scout Tower
14:05 Guard Tower
14:23 Guard Tower
14:46 Blacksmith
14:50 Blacksmith
14:52 Farm
14:53 Farm
14:54 Farm
15:00 Guard Tower
15:19 Guard Tower
16:17 Guard Tower
16:23 Gryphon Aviary
16:34 Guard Tower
16:43 Altar of Storms
16:45 Orc Burrow
16:47 Guard Tower
17:04 Guard Tower
17:50 Watch Tower
17:51 Watch Tower
17:52 Watch Tower
17:53 Watch Tower
18:27 Beastiary
21:47 Guard Tower
22:00 Orc Burrow
33:09 Altar of Kings
34:35 Farm
38:44 Scout Tower
38:45 Scout Tower
38:45 Scout Tower
38:46 Scout Tower
38:47 Scout Tower
40:26 Scout Tower
40:27 Scout Tower
40:30 Scout Tower
40:31 Scout Tower
40:31 Scout Tower
40:32 Scout Tower
40:33 Scout Tower
40:33 Scout Tower
40:34 Scout Tower
40:35 Scout Tower
41:09 Guard Tower
41:18 Scout Tower
41:25 Guard Tower
41:55 Guard Tower
41:55 Guard Tower
42:29 Great Hall
43:44 Town Hall
» items
| Scroll of Regeneration | 1 | |
| Staff of Teleportation | 1 | |
| Boots of Speed | 1 | |
| Orb of Lightning | 3 | |
| Staff of Sanctuary | 2 | |
| Lesser Clarity Potion | 2 | |
| Healing Salve | 1 | |
11 total
Chat log
(00:04 / Allies) cum.2ez: orc
(00:05 / All) Naxemus: -.-
(00:05 / All) Six-PacK: -.-^^
(00:24 / All) Naxemus: -.-
(00:28 / Allies) AlasPoorYorick: im helllllllllllllla fuckin laggy
(00:39 / All) cum.2ez: TODAY
(00:44 / Allies) AlasPoorYorick: like 1+ second delay
(00:52 / Allies) scenicworld: wow that's just going
(00:55 / Allies) scenicworld: to make it very hard to feed
(01:22 / Allies) cum.2ez: going alc i think
(01:24 / Allies) scenicworld: do i need to send my militia back`?
(01:28 / Allies) scenicworld: ok ty
(01:57 / Allies) cum.2ez: r u new player
(01:58 / Allies) AlasPoorYorick: coulkdnt
(02:00 / Allies) AlasPoorYorick: move
(02:01 / Allies) scenicworld: share
(02:03 / Allies) scenicworld: thank'''''s
(02:23 / Allies) cum.2ez: nice heroes
(02:29 / Allies) scenicworld: i'll take em!
(02:54 / Allies) scenicworld: huntafiend
(03:13 / Allies) scenicworld: lots of hunt, lil fiend
(03:28 / All) cum.2ez: go away yplz
(03:36 / All) Juchte: ahahahha i lol'd
(03:41 / All) Six-PacK: nmap^^
(04:14 / Allies) cum.2ez: kotg archer
(04:37 / Allies) cum.2ez: attack peasant
(04:40 / Allies) cum.2ez: with ur hurt dude
(04:41 / Allies) cum.2ez: and he wont die
(04:46 / Allies) scenicworld: was busy at base
(05:07 / Allies) scenicworld: need res
(05:07 / Allies) scenicworld: ource
(05:09 / Allies) scenicworld: gold mostly
(06:01 / Allies) scenicworld: you got yes? good
(06:08 / All) Juchte: y sry
(06:30 / Allies) cum.2ez: why do we play this map
(06:33 / Allies) cum.2ez: its dumb
(07:12 / Allies) cum.2ez: pro
(07:14 / All) cum.2ez: olj
(07:15 / All) cum.2ez: oj
(07:17 / All) cum.2ez: u pro?
(07:20 / All) scenicworld: orange are you a professional gamer
(08:29 / Allies) cum.2ez: oh cute
(08:46 / Allies) AlasPoorYorick: need 1 kill for 3
(08:56 / All) cum.2ez: stfu
(09:01 / Allies) AlasPoorYorick: lmao
(09:05 / All) Juchte: lol
(10:12 / Allies) TIMG4STRok: more lum
(15:16 / Allies) scenicworld: green aka????
(15:20 / All) scenicworld: are you grubby???
(15:24 / All) scenicworld: green aka?
(15:33 / All) AlasPoorYorick: even grubby play nubby
(15:36 / All) Juchte: ahaha
(16:09 / Allies) AlasPoorYorick: lmao
(16:44 / Allies) AlasPoorYorick: i go
(16:45 / Allies) AlasPoorYorick: tinkerman
(19:24 / Allies) AlasPoorYorick: neg
(19:28 / Allies) AlasPoorYorick: i like poison
(19:41 / All) Six-PacK: naps^^
(19:53 / All) Six-PacK: maphack?
(20:00 / All) AlasPoorYorick: manners
(20:02 / All) Six-PacK: u know after the game youre banned?
(20:03 / All) scenicworld: red do you give lesson????
(20:22 / All) scenicworld: can i pay you for lesson???
(20:37 / Allies) AlasPoorYorick: use
(20:38 / Allies) AlasPoorYorick: my lag
(21:18 / Allies) AlasPoorYorick: mass chim
(22:01 / Allies) AlasPoorYorick: day spa
(22:08 / Allies) AlasPoorYorick: d
(22:11 / Allies) AlasPoorYorick: a
(22:12 / Allies) AlasPoorYorick: y
(22:13 / Allies) AlasPoorYorick: e
(23:57 / Allies) AlasPoorYorick: idc
(24:01 / Allies) AlasPoorYorick: its only 1 though
(24:50 / All) Six-PacK: haha fu:D^^
(26:29 / Allies) AlasPoorYorick: i am here
(26:33 / Allies) AlasPoorYorick: but my lag
(26:34 / Allies) AlasPoorYorick: is so unbearable
(28:09 / Allies) scenicworld: i have seized the river delta
(28:57 / Allies) scenicworld: making a hawkbase i guess
(29:37 / Allies) scenicworld: like this
(30:02 / Allies) scenicworld: hehe that mine is out
(37:32 / All) Six-PacK: have u so much time for a game? kids..^^
(37:39 / All) AlasPoorYorick: likewise
(37:44 / All) Six-PacK: fuck you
(37:45 / All) scenicworld: ich bin ein kellerkind
(37:46 / All) Six-PacK: nigga
(38:02 / All) scenicworld: - T. Roosevelt
(38:44 / Allies) AlasPoorYorick: i cliekd
(38:59 / Allies) AlasPoorYorick: i clicked tp
(39:00 / Allies) AlasPoorYorick: like 10 seconds
(39:05 / Allies) AlasPoorYorick: nbefore it actually went off
(39:15 / Allies) AlasPoorYorick: so i was like NO! NEW EVENTS HAVE TRANSPIRED
(39:18 / Allies) AlasPoorYorick: but twas too late
(39:42 / All) scenicworld: thanks for the experience yeller
(40:01 / All) AlasPoorYorick: wowie zowie thats a lot of freebies
(40:11 / All) Juchte: we have time too
(40:14 / All) Juchte: so np
(40:20 / All) Six-PacK: im only legging guys
(40:24 / All) Six-PacK: come on again 4 vs 4
(40:28 / All) Six-PacK: i fuck you in ass
(40:31 / All) scenicworld: its
(40:32 / All) scenicworld: 3v4
(40:33 / All) scenicworld: now
(40:35 / All) Six-PacK: dont think youre good
(40:39 / All) Six-PacK: thats a noobtactic^^
(42:36 / All) scenicworld: yellow generosity knows no bounds
(42:44 / All) Six-PacK: haha
(42:47 / All) Six-PacK: red deutsch du schwuchtel
(42:58 / All) scenicworld: good game
(43:14 / All) Juchte: np war mal was anderes
(43:16 / All) TIMG4STRok: GArgs are gonna win it
(43:33 / All) scenicworld: what means schuchtel
(43:39 / All) scenicworld: schwuctel*
(43:46 / All) scenicworld: ????
(43:48 / All) Six-PacK: gay^^
(43:50 / All) Six-PacK: naps:D